 Dungeon Crawl Stone Soup version 0.26-a0-111-g8f6dc4e0a5 (webtiles) character file.

Game seed: 15197608262824844242

3080 Gargoyl the Chopper (level 9, 0/74 HPs)
             Began as a Centaur Abyssal Knight on June 24, 2020.
             Was an Elder of Lugonu.
             Succumbed to a killer bee's poison
             ... on level 8 of the Dungeon on June 25, 2020.
             The game lasted 00:12:04 (10615 turns).

Gargoyl the Chopper (Centaur Abyssal Knight)       Turns: 10615, Time: 00:12:04

Health: 0/74       AC: 13    Str: 15 (16) XL:     9   Next: 58%
Magic:  13/13      EV:  3    Int:  9 (11) God:    Lugonu [****..]
Gold:   456        SH:  0    Dex: 10 (11) Spells: 8/8 levels left

rFire    . . .     SeeInvis .   e - +1 war axe
rCold    . . .     Faith    .   (no shield)
rNeg     . . .     Spirit   .   f - +0 plate armour
rPois    .         Reflect  .   p - +0 helmet
rElec    .         Harm     .   i - +0 cloak
rCorr    .                      (no gloves)
MR       .....                  (no barding)
Stlth    ..........             m - amulet of the acrobat
HPRegen  0.22/turn              (no ring)
MPRegen  0.13/turn              (no ring)

@: lethally poisoned (0 -> -1), very quick
A: large, hooves 3, deformed body, speed 2, tough skin 3
a: Depart the Abyss, Bend Space, Banish, Corrupt, Renounce Religion


You were on level 8 of the Dungeon.
You worshipped Lugonu.
Lugonu was greatly pleased with you.
You were very hungry.

You visited 1 branch of the dungeon, and saw 8 of its levels.
You visited the Abyss 1 time.

You collected 456 gold pieces.

Inventory:

Hand Weapons
 a - a +2 hand axe
 e - a +1 war axe (weapon)
Missiles
 d - 4 boomerangs (quivered)
Armour
 f - a +0 plate armour (worn)
 i - a +0 cloak (worn)
 p - a +0 helmet (worn)
Jewellery
 m - an amulet of the acrobat (around neck)
Wands
 o - a wand of acid (5)
 s - a wand of random effects (16)
Scrolls
 g - 8 scrolls of identify
 j - 4 scrolls of fear
 n - a scroll of teleportation
 r - 2 scrolls of remove curse
 t - a scroll of enchant armour {unknown}
Potions
 b - a potion of invisibility
 h - a potion of magic
 k - a potion of haste
 q - a potion of lignification
 u - 2 potions of stabbing {unknown}
Comestibles
 c - 19 rations


   Skills:
 + Level 5.2 Fighting
 + Level 6.5 Axes
 + Level 1.4 Throwing
 * Level 6.1 Armour
 * Level 3.7 Dodging
 * Level 5.8 Invocations
 + Level 0.4 Evocations


You had 8 spell levels left.
You didn't know any spells.
Your spell library contained the following spells:

 Spells                   Type           Power        Failure   Level  Hunger
 Confusing Touch          Hex            #.......     100%        3    ####...
 Gell's Gravitas          Tloc           #.........   100%        3    ####...
 Petrify                  Tmut/Erth      #.......     100%        4    #####..
 Metabolic Englaciation   Hex/Ice        #.........   100%        5    ######.
 Yara's Violent Unravell  Hex/Tmut       #.........   100%        5    ######.


Dungeon Overview and Level Annotations

Branches:
Dungeon (8/15)             Temple (0/1) D:4
   Lair: D:8-11

Altars:
Fedhas
Makhleb
Okawaru
Qazlal
Sif Muna
Trog
Xom
Zin


Innate Abilities, Weirdness & Mutations

You have hooves in place of feet.
Armour fits poorly on your strangely shaped body.
You cover ground very quickly.
You have extremely tough skin. (AC +3)


Message History

* * * LOW HITPOINT WARNING * * *
You feel sick.
You start resting.
Your transformation is almost over.
* * * LOW HITPOINT WARNING * * *
You feel sick.
You start resting.
* * * LOW HITPOINT WARNING * * *
You feel sick.
You start resting.
* * * LOW HITPOINT WARNING * * *
You feel sick.
You start resting.
You feel less wooden.
Your +0 cloak unmelds from your body.
Your +0 helmet unmelds from your body.
Your +0 plate armour unmelds from your body.
It was a potion of degeneration.
There was something very wrong with that liquid.
You feel weakened.
You feel dopey.
You feel clumsy.
You die...

#.....# # ###.....### .#
#....8....### ..
.....#......#######.####
...8###8......'.........
.....#......###..##.###
#....8....### ##.#
###.....### #†# #.....#
#@# ##...#########.#
#...#.........#
##.############ #_# ###


There were no monsters in sight!

Vanquished Creatures
  A hippogriff (D:3)
  An ice beast (D:7)
  2 sky beasts (D:6)
  A phantom (D:8)
  4 ogres
  6 bullfrogs
  3 killer bees (D:8)
  4 scorpions
  3 wights
  9 howler monkeys
  2 crimson imps
  A bullfrog zombie (D:5)
  A centaur zombie (D:5)
  2 jellies
  5 hounds
  A quasit (D:7)
  A bullfrog skeleton (D:7)
  5 orc wizards
  2 worker ants
  A worker ant zombie (D:7)
  17 gnolls
  A howler monkey skeleton (D:7)
  4 adders
  An ooze (D:4)
  2 adder skeletons (D:4)
  4 worms
  6 dart slugs
  4 leopard geckos
  23 orcs
  A ball python (D:3)
  4 bats
  2 giant cockroaches
  9 goblins
  5 hobgoblins
  14 jackals
  5 kobolds
  5 frilled lizards
  A jackal skeleton (D:4)
  A quokka skeleton (D:4)
  5 rats
169 creatures vanquished.

Vanquished Creatures (others)
  A steam dragon (D:8)
1 creature vanquished.

Grand Total: 170 creatures vanquished

Notes
Turn   | Place    | Note
-------+----------+-------------------------------------------
     0 | Abyss:1  | Gargoyl the Centaur Abyssal Knight began the quest for the
                  | Orb.
     0 | Abyss:1  | Reached XP level 1. HP: 19/19 MP: 2/2
    79 | Abyss:2  | Noticed a small abomination
    80 | Abyss:3  | Found a corrupted altar of Lugonu.
    80 | Abyss:3  | Found a corrupted altar of Lugonu.
   100 | Abyss:3  | Noticed an efreet
   104 | D:1      | Escaped the Abyss
   422 | D:1      | Reached * piety under Lugonu
   422 | D:1      | Reached XP level 2. HP: 26/26 MP: 3/3
  1687 | D:2      | Reached skill level 1 in Dodging
  1687 | D:2      | Reached XP level 3. HP: 15/31 MP: 4/4
  2235 | D:2      | Found a stormy altar of Qazlal.
  2501 | D:2      | Reached XP level 4. HP: 38/38 MP: 5/5
  2625 | D:3      | Found a blossoming altar of Fedhas.
  2680 | D:3      | Noticed a hippogriff
  2765 | D:4      | Reached XP level 5. HP: 7/46 MP: 5/7
  3417 | D:4      | Reached ** piety under Lugonu
  3486 | D:4      | Found a staircase to the Ecumenical Temple.
  3705 | D:3      | Reached XP level 6. HP: 46/52 MP: 8/8
  5418 | D:3      | Killed a hippogriff
  5418 | D:3      | Reached XP level 7. HP: 59/59 MP: 9/9
  5649 | D:5      | Entered Level 5 of the Dungeon
  5726 | D:5      | Reached *** piety under Lugonu
  6295 | D:5      | Reached skill level 1 in Throwing
  6332 | D:5      | Reached XP level 8. HP: 66/67 MP: 11/11
  7398 | D:6      | Reached skill level 5 in Axes
  7479 | D:6      | Reached skill level 5 in Invocations
  7876 | D:6      | Reached skill level 5 in Armour
  8828 | D:6      | Found a burning altar of Makhleb.
  8829 | D:6      | Found an iron altar of Okawaru.
  8830 | D:6      | Found a glowing silver altar of Zin.
  8954 | D:7      | Reached XP level 9. HP: 65/72 MP: 12/12
  9030 | D:7      | Reached **** piety under Lugonu
  9355 | D:7      | Found a blossoming altar of Fedhas.
 10032 | D:8      | Reached skill level 5 in Fighting
 10050 | D:8      | Found a bloodstained altar of Trog.
 10100 | D:8      | Found a shimmering blue altar of Sif Muna.
 10103 | D:8      | Found a shimmering altar of Xom.
 10590 | D:8      | HP: 5/111 [killer bee (1)]
 10595 | D:8      | HP: 2/111 [poisoned by a killer bee]
 10601 | D:8      | HP: 1/111 [poisoned by a killer bee]
 10607 | D:8      | HP: 1/111 [poisoned by a killer bee]
 10615 | D:8      | Succumbed to a killer bee's poison

Illustrated notes

Levels and vault maps discovered:
D:1:      sevenhm_arrival_forest_fort_large_4, layout_basic,
          chequers_serial_rivers_micro_b, grunt_decor_cap, chequers_mini_garden
D:2:      layout_loops_ring, grunt_qazlal_sundering, chequers_avenue
D:3:      layout_basic, first_ration, hangedman_decor_opposing, hex_large,
          fedhas_altar_2
D:4:      cheibrodos_old_hovel, layout_rooms, minmay_temple_entry_mist,
          dk_noncrumbling_4
D:5:      layout_rooms, serial_corexii_hall, corexii_hall_statues_i,
          chequers_hall_statues_wall_a, corexii_hall_statues_u,
          corexii_hall_statues_x, nicolae_zen_rock_garden
D:6:      layout_basic, minitemple, kennysheep_generic_room_14
D:7:      layout_basic, basic_altar, hangedman_decor_clover_reticule,
          uniq_maggie
D:8:      layout_loops_ring, minmay_overflow_temple_star_quad,
          kennysheep_little_box, minmay_misc_feat_chi

Skill      XL: |  1  2  3  4  5  6  7  8  9 |
---------------+----------------------------+-----
Dodging        | 1 2 3 |  3.7
Axes           | 2 3 4 5 6 |  6.5
Armour         | 2 3 4 5 6 |  6.1
Invocations    | 3 4 5 |  5.8
Fighting       | 4 5 |  5.2
Throwing       | 1 |  1.4
Evocations     | |  0.4

Action                   |  1- 3 |  4- 6 |  7- 9 || total
-------------------------+-------+-------+-------++-------
Melee: Hand axe          |   107 |    99 |       ||   206
       Kick              |    21 |    37 |    86 ||   144
       War axe           |       |   110 |   381 ||   491
Throw: Boomerang         |       |     3 |    17 ||    20
Invok: Depart the Abyss  |     1 |       |       ||     1
       Bend Space        |       |       |     1 ||     1
       Banish            |       |       |     1 ||     1
Evoke: Wand              |       |     4 |     1 ||     5
  Use: Scroll            |     4 |     5 |     7 ||    16
       Potion            |       |     5 |     4 ||     9
  Eat: Chunk             |     4 |     8 |    14 ||    26
Armor: Plate armour      |    67 |   235 |   297 ||   599
       Skin              |       |       |    13 ||    13
Dodge: Dodged            |     6 |    52 |    95 ||   153

Table legend:
 A = Non-vault XP
 B = Vault XP
 C = Vault XP percentage of total XP
 D = Non-vault monster count
 E = Vault monster count
 F = Vault count percentage of total count
                 A         B        C        D         E       F
            +---------+---------+-------+---------+---------+-------
      Total |    4399 |       1 |   0.0 |     169 |       1 |   0.6
            +---------+---------+-------+---------+---------+-------
        D:1 |      30 |       0 |   0.0 |      16 |       0 |   0.0
        D:2 |      67 |       0 |   0.0 |      12 |       0 |   0.0
        D:3 |     422 |       0 |   0.0 |      36 |       0 |   0.0
        D:4 |     446 |       1 |   0.2 |      29 |       1 |   3.3
        D:5 |     770 |       0 |   0.0 |      16 |       0 |   0.0
        D:6 |    1004 |       0 |   0.0 |      25 |       0 |   0.0
        D:7 |    1040 |       0 |   0.0 |      22 |       0 |   0.0
        D:8 |     620 |       0 |   0.0 |      13 |       0 |   0.0
            +---------+---------+-------+---------+---------+-------
